 Dungeon Crawl Stone Soup version 0.24.0-7-gb3623d2c88 (webtiles) character file.

Game seed: 10261222680997752555, levelgen mode: deterministic

43 xccam the Magician (level 3, -7/25 HPs)
             Began as a Gnoll Wanderer on Nov 2, 2019.
             Splashed by a jelly's acid (9 damage)
             ... on level 4 of the Dungeon.
             The game lasted 00:03:09 (1494 turns).

xccam the Magician (Gnoll Wanderer)                 Turns: 1494, Time: 00:03:10

Health: -7/25      AC:  3    Str: 16    XL:     3   Next: 58%
Magic:  11/11      EV:  9    Int: 17    God:
Gold:   32         SH:  0    Dex: 15    Spells: 15/16 levels left

rFire    . . .     SeeInvis .   b - +0 hand axe
rCold    . . .     Gourm    .   (no shield)
rNeg     . . .     Faith    .   e - +0 scale mail
rPois    .         Spirit   .   (no helmet)
rElec    .         Reflect  .   (no cloak)
rCorr    .         Harm     .   h - +0 pair of gloves
MR       .....                  (no boots)
Stlth    ..........             (no amulet)
HPRegen  0.08/turn              (no ring)
MPRegen  0.12/turn              (no ring)

@: brilliant, corroded
A: distributed training, fangs 1, strong nose
a: no special abilities


You were on level 4 of the Dungeon.
You were not hungry.

You visited 1 branch of the dungeon, and saw 3 of its levels.

You collected 32 gold pieces.

Inventory:

Hand Weapons
 b - a +0 hand axe (weapon)
Armour
 e - a +0 scale mail (worn)
 h - a +0 pair of gloves (worn)
Scrolls
 d - a scroll of identify {unknown}
 g - a scroll of noise {unknown}
Comestibles
 f - a ration


   Skills:
 + Level 0.8 Fighting
 + Level 0.8 Short Blades
 + Level 0.8 Long Blades
 + Level 0.8 Axes
 + Level 0.8 Maces & Flails
 + Level 0.8 Polearms
 + Level 0.8 Staves
 + Level 0.8 Slings
 + Level 0.8 Bows
 + Level 0.8 Crossbows
 + Level 0.8 Throwing
 + Level 0.8 Armour
 + Level 0.8 Dodging
 + Level 0.8 Stealth
 + Level 0.8 Shields
 + Level 0.8 Unarmed Combat
 + Level 7.1 Spellcasting
 + Level 0.5 Conjurations
 + Level 0.5 Hexes
 + Level 0.5 Charms
 + Level 0.5 Summonings
 + Level 2.1 Necromancy
 + Level 0.5 Translocations
 + Level 2.1 Transmutations
 + Level 2.1 Fire Magic
 + Level 0.5 Ice Magic
 + Level 3.7 Air Magic
 + Level 0.5 Earth Magic
 + Level 0.5 Poison Magic
 + Level 1.0 Invocations
 + Level 4.5 Evocations


You had 15 spell levels left.
You knew the following spells:

 Your Spells              Type           Power        Failure   Level  Hunger
a - Beastly Appendage     Tmut           ###...       2%          1    None

Your spell library contained the following spells:

 Spells                   Type           Power        Failure   Level  Hunger
 Magic Dart               Conj           ###.         4%          1    None
 Blink                    Tloc           N/A          6%          2    None
 Call Imp                 Summ           ###.....     6%          2    None
 Slow                     Hex            ###.....     6%          2    None
 Mephitic Cloud           Conj/Pois/Air  ###.....     8%          3    ##.....
 Conjure Flame            Conj/Fire      ###.....     9%          3    ##.....
 Spider Form              Tmut/Pois      ###.......   9%          3    ##.....


Dungeon Overview and Level Annotations

Branches:
Dungeon (2/15)

Altars:
Elyvilon
Gozag
Qazlal


Innate Abilities, Weirdness & Mutations

Your experience applies equally to all skills.
You have very sharp teeth.
Your uncanny sense of smell can sniff out nearby items.


Message History

The jelly is moderately wounded.
You hit the plant but do no damage. The jelly hits you but does no damage.
You aren't carrying any items that you can evoke.
Unknown command.
It was a potion of brilliance.
You feel clever all of a sudden. The jelly hits you but does no damage.
You hit the jelly.
Your hands burn!
You bite the jelly.
The jelly is severely wounded.
The jelly hits you but does no damage. x2
Your scale mail prevents you from hitting the jelly.
The jelly is severely wounded.
The jelly hits you.
You are splashed with acid!
You hit the jelly.
Your hands burn!
* * * LOW HITPOINT WARNING * * *
The jelly is almost dead.
The jelly hits you.
* * * LOW HITPOINT WARNING * * *
You are splashed with acid!
You die...

#.# #.# #.#
#.# #.# #.#
#.# ####@#
##P.J.####
#...♣†......
##P..........
#..♣≈≈♣..###.
#.P..≈♣≈...#
#...♣♣≈≈≈..#
#..P. ≈♣≈♣##
#.♣♣♣ ≈...


You could see a jelly.

Vanquished Creatures
  2 bats
  A giant cockroach (D:1)
  3 goblins (D:1)
  6 hobgoblins (D:1)
  9 jackals (D:1)
  8 kobolds
  A quokka (D:2)
  2 ball pythons
  3 frilled lizards (D:1)
  2 rats (D:1)
37 creatures vanquished.

Notes
Turn   | Place    | Note
-------+----------+-------------------------------------------
     0 | D:1      | xccam the Gnoll Wanderer began the quest for the Orb.
     0 | D:1      | xccam set off with the following items: a +0 club, a potion
                  | of curing, a +0 robe, a ration; and the following spells
                  | available to memorise: Beastly Appendage, Magic Dart,
                  | Blink, Call Imp, Slow, Mephitic Cloud, Conjure Flame,
                  | Spider Form
     0 | D:1      | Reached XP level 1. HP: 13/13 MP: 8/8
     2 | D:1      | Learned a level 1 spell: Beastly Appendage
   255 | D:1      | Reached XP level 2. HP: 18/19 MP: 10/10
   866 | D:1      | Reached XP level 3. HP: 20/25 MP: 11/11
  1438 | D:2      | Reached skill level 1 in Invocations
  1443 | D:2      | Found a stormy altar of Qazlal.
  1451 | D:2      | Found a white marble altar of Elyvilon.
  1451 | D:2      | Found an opulent altar of Gozag.
  1480 | D:2      | You fall into a shaft and drop 2 floors!
  1494 | D:4      | Splashed by a jelly's acid

Levels and vault maps discovered:
D:1:      shiori_arrival_oz, layout_loops_corners
D:2:      layout_rooms, lemuel_coloured_pillars_altar,
          gammafunk_temple_overflow_forgotten, first_ration, solitary_fountain
D:4:      layout_loops_ring, serial_bayou, serial_bayou_pond_a,
          serial_bayou_pond_b, serial_bayou_shore_b, serial_bayou_lagoon_a,
          nicolae_qazlal_eye_of_the_storm

Skill      XL: |  1  2  3 |
---------------+----------+-----
Necromancy     | 2 |  2.1
Transmutations | 2 |  2.1
Fire Magic     | 2 |  2.1
Invocations    | 1 |  1.0
Fighting       | |  0.8
Short Blades   | |  0.8
Long Blades    | |  0.8
Axes           | |  0.8
Maces & Flails | |  0.8
Polearms       | |  0.8
Staves         | |  0.8
Slings         | |  0.8
Bows           | |  0.8
Crossbows      | |  0.8
Throwing       | |  0.8
Armour         | |  0.8
Dodging        | |  0.8
Stealth        | |  0.8
Shields        | |  0.8
Unarmed Combat | |  0.8
Spellcasting   | |  7.1
Conjurations   | |  0.5
Hexes          | |  0.5
Charms         | |  0.5
Summonings     | |  0.5
Translocations | |  0.5
Ice Magic      | |  0.5
Air Magic      | |  3.7
Earth Magic    | |  0.5
Poison Magic   | |  0.5
Evocations     | |  4.5

Action                   || total
-------------------------++-------
Melee: Club              ||   109
       Bite              ||    18
       Hand axe          ||    58
  Use: Potion            ||     2
  Eat: Chunk             ||     2
Armor: Scale mail        ||   103
Dodge: Dodged            ||   109
